 Dungeon Crawl Stone Soup version 0.30.1-3-gfc49f6343a (webtiles) character file.

Game seed: 11025343990851054782

1344 Peloso the Slasher (level 8, 0/69 HPs)
             Began as a Minotaur Fighter on July 29, 2023.
             Was an Initiate of Okawaru.
             Slain by Maggie
             ... wielding a +4 scimitar of holy wrath
              (3 damage)
             ... on level 6 of the Dungeon.
             The game lasted 00:11:36 (5278 turns).

Peloso the Slasher (Minotaur Fighter)               Turns: 5278, Time: 00:11:37

Health: 0/69       AC: 14    Str: 22    XL:     8   Next: 36%
Magic:  7/7        EV:  7    Int:  5    God:    Okawaru [......]
Gold:   307        SH:  5    Dex: 11    Spells: 7/7 levels left

rFire   . . .        a - +0 long sword
rCold   . . .        d - +0 buckler
rNeg    . . .        c - +0 plate armour
rPois   .            (helmet restricted)
rElec   .            A - +0 cloak
rCorr   .            (no gloves)
SInv    .            (no boots)
Will    .....        (no amulet) Stlth
                     (no ring)
HPRegen 0.31/turn    (no ring)
MPRegen 0.10/turn

%: no passive effects
@: mesmerised
A: horns 2, retaliatory headbutt
a: Renounce Religion


You were on level 6 of the Dungeon.
You worshipped Okawaru.
Okawaru was noncommittal.
You visited 2 branches of the dungeon, and saw 7 of its levels.

You collected 307 gold pieces.

Inventory:

Hand Weapons
 a - a +0 long sword (weapon)
Missiles
 k - 2 throwing nets (quivered)
Armour
 b - a +0 scale mail
 c - a +0 plate armour (worn)
 d - a +0 buckler (worn)
 A - a +0 cloak (worn)
Jewellery
 q - a ring of protection from cold
 y - a ring of fire
 z - a ring of positive energy
Wands
 n - a wand of iceblast (3)
 v - a wand of charming (6)
Scrolls
 e - 2 scrolls of vulnerability {unknown}
 f - 2 scrolls of noise {unknown}
 g - 2 scrolls of enchant weapon {unknown}
 j - 4 scrolls of teleportation {unknown}
 l - 8 scrolls of identify {unknown}
 p - a scroll of immolation {unknown}
 r - 2 scrolls of enchant armour {unknown}
Potions
 h - a potion of brilliance
 i - a potion of flight
 o - 2 potions of ambrosia {unknown}
 s - 2 potions of degeneration {unknown}
 t - a potion of might
 u - a potion of mutation {unknown}
 w - a potion of invisibility {unknown}
 x - a potion of curing {unknown}


   Skills:
 + Level 5.5 Fighting
 + Level 7.7 Long Blades
 + Level 7.5 Armour
 + Level 2.3 Dodging
 + Level 0.7 Stealth
 + Level 6.0 Shields
 + Level 0.3 Evocations


You had 7 spell levels left.
You didn't know any spells.
Your spell library contained the following spells:

 Spells                   Type           Power      Damage    Failure   Level
 Magic Dart               Conj           0%         1d3       100%        1
 Shock                    Conj/Air       0%         1d3       100%        1
 Cigotuvi's Dreadful Rot  Necr/Pois/Air  0%         N/A       100%        2
 Ignite Poison            Fire/Tmut/Pois 0%         N/A       100%        3
 Mephitic Cloud           Conj/Pois/Air  0%         N/A       100%        3
 Swiftness                Air            0%         N/A       100%        3
 Airstrike                Air            0%         2d(0-16)  100%        4
 Freezing Cloud           Conj/Ice/Air   0%         6-21      100%        5
 Call Imp                 Summ           Unusable   N/A       N/A         2

Dungeon Overview and Level Annotations

Branches:
Dungeon (6/15)             Temple (1/1) D:5

Altars:
Ashenzari
Dithmenos
Elyvilon
Fedhas
Gozag
Kikubaaqudgha
Makhleb
Nemelex Xobeh
Okawaru
Qazlal
Ru
Sif Muna
Uskayaw
Vehumet
Yredelemnul
Zin

Annotations:
D:3 -Dig - 1 runed translucent door, Crazy Yiuf
D:6 Maggie


Innate Abilities, Weirdness & Mutations

You have a pair of horns on your head.
You reflexively headbutt those who attack you in melee.


Message History

Maggie barely misses you. You furiously retaliate!
You headbutt Maggie. You hit Maggie.
Maggie is heavily wounded.
Maggie hits you with a +4 scimitar of holy wrath!
You hit Maggie but do no damage. You headbutt Maggie.
Maggie is heavily wounded.
You block Maggie's attack.
You closely miss Maggie. You headbutt Maggie, but do no damage.
Maggie is heavily wounded.
Maggie hits you but does no damage.
You barely miss Maggie. You headbutt Maggie!
Maggie is severely wounded.
Maggie mumbles some strange words.
Maggie draws you further into her thrall.
You hit Maggie but do no damage.
Maggie is severely wounded.
You block Maggie's attack.
You hit Maggie.
Maggie is severely wounded.
Maggie hits you with a +4 scimitar of holy wrath!
You barely miss Maggie. You headbutt Maggie.
Maggie is almost dead.
Maggie hits you with a +4 scimitar of holy wrath!
* * * LOW HITPOINT WARNING * * *
Maggie casts a spell at you. The bolt of fire hits you!
* * * LOW HITPOINT WARNING * * *
You feel much better.
Maggie hits you with a +4 scimitar of holy wrath!
* * * LOW HITPOINT WARNING * * *
Okay, then.
Okay, then.
You hit Maggie.
Maggie is almost dead.
Maggie mumbles some strange words.
Maggie draws you further into her thrall.
You hit Maggie.
Maggie is almost dead.
Maggie hits you with a +4 scimitar of holy wrath.
You die...

#..........##..####.##.
#.....#######..####.##.
#.....# #o......#.##. ##...##
#.#.[##.#.##. #...#
#.##.##.#.##. #.<.#
####.##.........
...######...###.....[.##.##...
....5..............##.##.##...
..........)..@.....#...#o..c..
.........(....@.........###...
#######.#...#.#.####...## #...
#.#...#.#.......## #...
#.#...#.#######.# #...
#.#...#.# ... #.## #.#...#.# #
#.# .(....# ..< ##...) ##.


You could see Maggie (mesmerising).

Vanquished Creatures
  Grinder (D:4)
  A water moccasin (D:6)
  Duvessa (D:4)
  2 ogres
  A centaur (D:5)
  2 scorpions (D:5)
  Dowan (D:4)
  An orc priest (D:5)
  A hound (D:6)
  A gnoll bouda (D:5)
  2 jellies (D:5)
  A sleepcap (D:6)
  2 iguanas
  Ijyb (D:2)
  3 orc wizards
  3 gnolls (D:5)
  5 adders
  A shadow imp (D:5)
  2 white imps
  3 ufetubi
  5 dart slugs
  11 orcs
  5 endoplasms
  2 giant cockroaches
  7 goblins (D:2)
  9 hobgoblins
  2 jackals (D:1)
  8 kobolds
  2 quokkas
  6 ball pythons
  4 bats
  2 frilled lizards
  2 rats (D:1)
100 creatures vanquished.

Vanquished Creatures (others)
  An orc (D:6)
1 creature vanquished.

Grand Total: 101 creatures vanquished

Notes
Turn   | Place    | Note
-------+----------+-------------------------------------------
     0 | D:1      | Peloso the Minotaur Fighter began the quest for the Orb.
     0 | D:1      | Reached XP level 1. HP: 19/19 MP: 0/0
   119 | D:1      | Reached XP level 2. HP: 27/27 MP: 1/1
   519 | D:1      | Found a faded altar of an unknown god.
   716 | D:2      | Reached XP level 3. HP: 25/33 MP: 2/2
   973 | D:2      | Noticed Ijyb
   993 | D:2      | Killed Ijyb
   994 | D:2      | Reached XP level 4. HP: 40/40 MP: 3/3
  1245 | D:3      | Noticed an ogre
  1251 | D:3      | Killed an ogre
  1252 | D:3      | Reached skill level 1 in Dodging
  1252 | D:3      | Reached XP level 5. HP: 29/47 MP: 4/4
  1529 | D:3      | Found a stormy altar of Qazlal.
  1568 | D:3      | Found a runed translucent door.
  1569 | D:3      | Noticed Crazy Yiuf
  1745 | D:3      | Found a hide-covered altar of Uskayaw.
  1924 | D:3      | Found a sparkling altar of Nemelex Xobeh.
  1955 | D:3      | Found a glowing silver altar of Zin.
  1979 | D:3      | Reached skill level 5 in Armour
  2240 | D:4      | Noticed Grinder
  2246 | D:4      | Paralysed by Grinder for 2 turns
  2251 | D:4      | Paralysed by Grinder for 4 turns
  2259 | D:4      | Killed Grinder
  2260 | D:4      | Reached skill level 5 in Long Blades
  2260 | D:4      | Reached XP level 6. HP: 21/55 MP: 5/5
  2510 | D:4      | Found a radiant altar of Vehumet.
  2514 | D:4      | Found an ancient bone altar of Kikubaaqudgha.
  2606 | D:4      | Found a shimmering blue altar of Sif Muna.
  2886 | D:4      | Found a blossoming altar of Fedhas.
  3216 | D:4      | Noticed Duvessa
  3219 | D:4      | Noticed Dowan
  3232 | D:4      | Killed Duvessa
  3233 | D:4      | Reached skill level 5 in Fighting
  3233 | D:4      | Reached XP level 7. HP: 29/61 MP: 6/6
  3244 | D:4      | Killed Dowan
  3584 | D:5      | Entered Level 5 of the Dungeon
  3677 | D:5      | Reached skill level 5 in Shields
  3988 | D:5      | Found a basalt altar of Yredelemnul.
  4024 | D:5      | Found a sacrificial altar of Ru.
  4106 | D:5      | Found a staircase to the Ecumenical Temple.
  4126 | Temple   | Entered the Ecumenical Temple
  4152 | Temple   | Became a worshipper of Warmaster Okawaru
  4170 | D:5      | Reached XP level 8. HP: 68/68 MP: 7/7
  4920 | D:6      | Noticed Maggie
  5276 | D:6      | HP: 3/69 [Maggie/+4 scimitar of holy wrath (16)]
  5278 | D:6      | Slain by Maggie

Illustrated notes

Levels and vault maps discovered:
D:1:      co_arrival_square_in_a_square_in_a_square, layout_loops_ring,
          dreamdust_ecumenical_altar_hidden_monk_grotto
D:2:      kennysheep_the_goblin_king, layout_rooms
D:3:      layout_loops_ring, lemuel_round_altar, nemelex_spade_bored_becter,
          zin_treasury, lemuel_round_altar, uniq_crazy_yiuf_cottage
D:4:      layout_loops_corners, grunt_temple_overflow_magic_moments,
          lemuel_coloured_pillars_altar, uniq_duvessa, uniq_grinder
D:5:      layout_rooms, mainiacjoe_overflow_small_starburst,
          mainiacjoe_overflow_concentric_impassable, minmay_temple_entry_arrows
D:6:      layout_loops_cross, minmay_manual_mares, uniq_maggie
Temple:   nicolae_temple_stand_before_the_council

Skill      XL: |  1  2  3  4  5  6  7  8 |
---------------+-------------------------+-----
Fighting       | 4 5 |  5.5
Armour         | 4 5 6 7 |  7.5
Long Blades    | 3 4 5 6 7 |  7.7
Shields        | 4 5 6 |  6.0
Dodging        | 1 2 |  2.3
Stealth        | |  0.7
Evocations     | |  0.3

Action                     |  1- 3 |  4- 6 |  7- 9 || total
---------------------------+-------+-------+-------++-------
  Melee: Long sword        |    79 |   107 |   151 ||   337
         Headbutt          |     4 |    20 |    34 ||    58
  Evoke: Wand              |       |     2 |     2 ||     4
    Use: Potion            |     3 |     1 |     2 ||     6
 Armour: Scale mail        |    38 |    30 |       ||    68
         Plate armour      |       |     9 |   116 ||   125
  Dodge: Dodged            |    53 |    32 |    63 ||   148
  Block: Buckler           |    25 |    27 |    55 ||   107
